 Dungeon Crawl Stone Soup version 0.30.1-9-gdf580d7c3d (webtiles) character file.

Game seed: 13759946642024543775

4567 EarthwalkerPL the Protected (level 10, -5/93 HPs)
             Began as a Minotaur Fighter on Sept 27, 2023.
             Was a High Priest of Okawaru.
             Slain by a centaur
             ... wielding a +0 halberd
              (7 damage)
             ... in a bailey.
             The game lasted 00:18:20 (7764 turns).

EarthwalkerPL the Protected (Minotaur Fighter)      Turns: 7764, Time: 00:18:22

Health: -5/93      AC: 16    Str: 25    XL:     10   Next: 18%
Magic:  9/9        EV: 10    Int:  5    God:    Okawaru [*****.]
Gold:   213        SH:  5    Dex: 10    Spells: 9/9 levels left

rFire   . . .        a - +0 war axe
rCold   . . .        c - +0 buckler
rNeg    . . .        s - +3 scale mail
rPois   +            (helmet restricted)
rElec   .            x - +0 cloak {rPois}
rCorr   .            l - +0 pair of gloves
SInv    +            q - +0 pair of boots
Will    .....        y - amulet of regeneration Stlth
                     w - ring of see invisible
HPRegen 1.15/turn    (no ring)
MPRegen 0.11/turn

%: no passive effects
@: no status effects
A: horns 2, retaliatory headbutt
a: Renounce Religion, Heroism, Finesse, Duel


You were in a bailey.
You worshipped Okawaru.
Okawaru was extremely pleased with you.
You visited 2 branches of the dungeon, and saw 9 of its levels.
You also visited: Bailey.

You collected 543 gold pieces.
You spent 330 gold pieces at shops.

Inventory:

Hand Weapons
 a - a +0 war axe (weapon)
 F - a +0 spear
Missiles
 i - 4 atropa-tipped darts
 B - 10 poisoned darts (quivered)
 E - 5 javelins
Armour
 b - a +0 scale mail
 c - a +0 buckler (worn)
 l - a +0 pair of gloves (worn)
 q - a +0 pair of boots (worn)
 s - a +3 scale mail (worn)
 x - a +0 cloak of poison resistance (worn)
Jewellery
 w - a ring of see invisible (left hand)
 y - an amulet of regeneration (around neck)
Wands
 r - a wand of light (8)
 t - a wand of roots (2)
Scrolls
 e - a scroll of silence {unknown}
 f - 6 scrolls of identify {unknown}
 g - a scroll of fear {unknown}
 h - a scroll of torment {unknown}
 j - 3 scrolls of amnesia {unknown}
 k - 3 scrolls of vulnerability {unknown}
 m - 7 scrolls of teleportation
 n - 2 scrolls of immolation {unknown}
 p - 2 scrolls of enchant armour {unknown}
 v - a scroll of noise {unknown}
 z - a scroll of fog {unknown}
Potions
 d - 2 potions of might
 u - a potion of lignification {unknown}
 A - a potion of brilliance {unknown}
 C - a potion of invisibility {unknown}
 D - a potion of berserk rage {unknown}


   Skills:
 * Level 10.2 Fighting
 * Level 9.8 Axes
 * Level 10.2 Armour
 + Level 7.7 Shields


You had 9 spell levels left.
You didn't know any spells.
Your spell library contained the following spells:

 Spells                   Type           Power      Damage    Failure   Level
 Poisonous Vapours        Pois/Air       0%         N/A       88%         2
 Mephitic Cloud           Conj/Pois/Air  0%         N/A       98%         3
 Volatile Blastmotes      Fire/Tloc      0%         2d10      98%         3
 Fulminant Prism          Conj/Hex       0%         3d5       100%        4
 Iskenderun's Mystic Bla  Conj/Tloc      0%         2d3       100%        4
 Freezing Cloud           Conj/Ice/Air   0%         6-21      100%        5
 Iskenderun's Battlesphe  Conj           0%         2d6       100%        5
 Lee's Rapid Deconstruct  Erth           0%         3d4*      100%        5
 Iron Shot                Conj/Erth      0%         9d1       100%        6
 Spellforged Servitor     Conj/Summ      Unusable   N/A       N/A         7

Dungeon Overview and Level Annotations

Branches:
Dungeon (8/15)             Temple (1/1) D:5          Bailey (1/1)
   Lair: D:8-11

Altars:
Ashenzari
Cheibriados
Dithmenos
Elyvilon
Fedhas
Gozag
Hepliaklqana
Kikubaaqudgha
Makhleb
Nemelex Xobeh
Okawaru
Qazlal
Ru
Sif Muna
Trog
Uskayaw
Vehumet
Wu Jian
Xom
Yredelemnul
Zin
The Shining One

Shops:
D:2 =   D:3 ?

Annotations:
D:7 2 transporters, aeroqp's ghost, novice VSCj


Innate Abilities, Weirdness & Mutations

You have a pair of horns on your head.
You reflexively headbutt those who attack you in melee.


Message History

You headbutt the centaur, but do no damage.
The centaur hits you with a +0 trident.
* * * LOW HITPOINT WARNING * * *
The centaur kicks you but does no damage.
The centaur throws a javelin.
The javelin pierces through you but does no damage.
The centaur hits you with a +0 trident.
* * * LOW HITPOINT WARNING * * *
The centaur kicks you but does no damage.
The centaur hits you but does no damage.
Unknown command.
You feel better.
The centaur hits you but does no damage.
The centaur kicks you but does no damage.
The centaur throws a javelin.
The javelin closely misses you.
You slash the centaur!
The centaur is heavily wounded.
You block the centaur's attack. The centaur kicks you.
* * * LOW HITPOINT WARNING * * *
The centaur hits you from afar with a +0 halberd.
* * * LOW HITPOINT WARNING * * *
You block the centaur's attack.
The centaur kicks you but does no damage.
The centaur throws a javelin.
The javelin pierces through you but does no damage.
Unknown command.
You completely miss the centaur.
The centaur is heavily wounded.
The centaur closely misses you. You block the centaur's attack.
The centaur hits you from afar with a +0 halberd!
* * * LOW HITPOINT WARNING * * *
Unknown command.
You hit the centaur.
The centaur is severely wounded.
The centaur throws a javelin.
The javelin barely misses you. You block the centaur's attack.
The centaur barely misses you.
The centaur hits you but does no damage.
The centaur barely misses you.
The centaur hits you from afar with a +0 halberd!
You die...

≈≈≈..≈≈≈≈≈≈≈..≈≈≈≈≈≈≈#
≈..≈≈≈....)≈≈≈..≈≈≈≈≈#
.≈≈≈.........≈≈≈.≈≈≈≈#
.≈.............≈.≈≈≈≈#
≈≈.⌠.........⌠.≈≈.≈≈≈#
≈...............≈.≈≈≈#
≈....≈≈≈≈≈≈≈....≈≈.≈≈#
...≈≈≈~~~~~≈≈≈...≈.≈≈#
..≈≈≈~≈≈≈≈≈~o≈≈)@≈.≈≈#
..≈≈≈)~)?[≈≈≈oc..c.≈≈#
..≈≈≈~≈≈≈≈≈~~≈≈..≈.≈≈#
...≈≈≈~~~~~≈≈≈...≈.≈≈#
≈....≈≈≈≈≈≈≈....≈≈.≈≈#
≈...............≈.≈≈≈#
≈≈.⌠.........⌠.≈≈.≈≈≈#
.≈.............≈.≈≈≈≈#
.≈≈≈.........≈≈≈.≈≈≈≈#


You could see 2 orc warriors and 2 centaurs.

Vanquished Creatures
  Eustachio (D:4)
  3 yaks (D:8)
  Edmund (D:6)
  A water moccasin (D:7)
  Duvessa (D:4)
  2 black bears (D:4)
  7 orc warriors (Bailey)
  2 ice beasts
  2 ogres
  9 centaurs
  2 bullfrogs
  3 scorpions
  A gnoll sergeant (D:4)
  7 wights
  Dowan (D:4)
  A howler monkey (D:6)
  An electric eel (D:8)
  3 orc priests
  7 hounds
  2 jellies
  A sleepcap (D:5)
  2 iguanas (D:7)
  2 orc wizards
  Natasha (twice) (D:2)
  13 gnolls
  7 adders
  A shadow imp (D:7)
  2 white imps
  3 ufetubi
  5 worms
  3 dart slugs
  44 orcs
  8 ball pythons
  6 bats
  7 endoplasms
  3 giant cockroaches
  5 goblins
  6 hobgoblins
  3 jackals (D:2)
  5 quokkas
  3 frilled lizards
  5 kobolds
  8 rats
201 creatures vanquished.

Vanquished Creatures (others)
  2 orcs
2 creatures vanquished.

Grand Total: 203 creatures vanquished

Notes
Turn   | Place    | Note
-------+----------+-------------------------------------------
     0 | D:1      | EarthwalkerPL the Minotaur Fighter began the quest for the
                  | Orb.
     0 | D:1      | Reached XP level 1. HP: 19/19 MP: 0/0
    57 | D:1      | You fall into a shaft and drop 1 floor!
   100 | D:2      | Reached XP level 2. HP: 22/27 MP: 1/1
   201 | D:2      | Found Jimabulo's Jewellery Shoppe.
   300 | D:1      | Reached XP level 3. HP: 28/33 MP: 2/2
   945 | D:2      | Noticed Natasha
   950 | D:2      | Killed Natasha
   951 | D:2      | Reached XP level 4. HP: 32/41 MP: 3/3
  1235 | D:3      | Found an iron altar of Okawaru.
  1238 | D:3      | Became a worshipper of Warmaster Okawaru
  1567 | D:3      | Found Hacley's Magic Scroll Emporium.
  1644 | D:3      | Reached XP level 5. HP: 47/47 MP: 4/4
  1816 | D:3      | Found a faded altar of an unknown god.
  1892 | D:3      | Reached skill level 5 in Armour
  2277 | D:4      | Noticed a black bear
  2280 | D:4      | Noticed a black bear
  2282 | D:4      | Killed a black bear
  2283 | D:4      | Reached skill level 5 in Fighting
  2285 | D:4      | Killed a black bear
  2285 | D:4      | Reached * piety under Okawaru
  2286 | D:4      | Reached XP level 6. HP: 56/56 MP: 5/5
  2524 | D:4      | Noticed Duvessa
  2526 | D:4      | Noticed Dowan
  2553 | D:4      | Killed Duvessa
  2554 | D:4      | Reached skill level 5 in Axes
  2716 | D:4      | Killed Dowan
  2717 | D:4      | Reached skill level 5 in Shields
  2717 | D:4      | Reached XP level 7. HP: 30/62 MP: 6/6
  2925 | D:4      | Found a shimmering blue altar of Sif Muna.
  3061 | D:4      | Found a hazy altar of Hepliaklqana.
  3373 | D:5      | Entered Level 5 of the Dungeon
  3490 | D:5      | Noticed Eustachio
  3644 | D:4      | Reached ** piety under Okawaru
  3749 | D:4      | Killed Eustachio
  3951 | D:5      | Identified the +2 leather armour of Ru's Hope {+Blink
                  | Str+5}
  3963 | D:5      | Found a staircase to the Ecumenical Temple.
  3967 | Temple   | Entered the Ecumenical Temple
  4239 | D:5      | Reached XP level 8. HP: 70/71 MP: 7/7
  4511 | D:5      | Found a stormy altar of Qazlal.
  5002 | D:6      | Noticed Edmund
  5015 | D:6      | Killed Edmund
  5133 | D:6      | Found a shadowy altar of Dithmenos.
  5464 | D:6      | Reached *** piety under Okawaru
  5917 | D:2      | Bought an amulet of regeneration for 330 gold pieces
  5932 | D:2      | Noticed Natasha
  5939 | D:2      | Killed Natasha
  6056 | D:7      | Found a transporter.
  6059 | D:7      | Noticed a two-headed ogre
  6060 | D:7      | Noticed a moth of wrath
  6060 | D:7      | Noticed aeroqp's ghost (novice VSCj)
  6064 | D:7      | Found a transporter.
  6068 | D:7      | Found a bloodstained altar of Trog.
  6186 | D:7      | Reached XP level 9. HP: 79/82 MP: 8/8
  6890 | D:8      | Reached **** piety under Okawaru
  6961 | D:8      | Found a flagged portal.
  6970 | Bailey   | Entered a bailey
  7397 | Bailey   | Reached XP level 10. HP: 82/93 MP: 9/9
  7485 | Bailey   | Reached skill level 10 in Fighting
  7485 | Bailey   | Reached skill level 10 in Armour
  7746 | Bailey   | Reached ***** piety under Okawaru
  7760 | Bailey   | HP: 1/93 [centaur/+0 trident (6)]
  7764 | Bailey   | Slain by a centaur

Illustrated notes

Levels and vault maps discovered:
D:1:      dpeg_arrival_rooms_with_view, layout_rooms, nicolae_figureground_pulse
D:2:      layout_basic, serial_shops, shop, uniq_natasha
D:3:      layout_basic, lemuel_doored_altar,
          shapermc_ecumenical_altar_notcrosses, serial_shops,
          nicolae_shop_just_a_little_nook, chequers_arboretum,
          minmay_fractal_squares_5
D:4:      layout_basic, mainiacjoe_overflow_chevrons,
          nicolae_hepliaklqana_hippocampus, uniq_duvessa
D:5:      layout_basic, mainiacjoe_overflow_paths,
          minmay_temple_entry_glassed_door, st_stairs_10, grunt_ministairs_6,
          uniq_eustachio
D:6:      layout_loops_ring, grunt_dithmenos_smoke, uniq_edmund
D:7:      layout_basic, gammafunk_ghost_wrathful_warriors
D:8:      layout_basic, enter_bailey_8, hangedman_decor_riveting,
          nicolae_lava_and_water
Temple:   bh_familiar_temple
Bailey:   bailey_polearm_flooded_kennysheep, bailey

Skill      XL: |  1  2  3  4  5  6  7  8  9 10 |
---------------+-------------------------------+-----
Armour         | 4 5 6 8 9 10 | 10.2
Fighting       | 4 5 6 8 9 10 | 10.2
Axes           | 3 4 5 6 7 9 |  9.8
Shields        | 4 5 6 7 |  7.7

Action                     |  1- 3 |  4- 6 |  7- 9 | 10-12 || total
---------------------------+-------+-------+-------+-------++-------
  Melee: War axe           |    73 |    94 |   355 |    36 ||   558
         Headbutt          |     8 |    11 |    66 |     8 ||    93
         Spear             |       |       |       |    58 ||    58
  Throw: Dart              |       |       |     3 |       ||     3
    Use: Scroll            |       |       |     1 |       ||     1
         Potion            |       |       |       |     4 ||     4
 Armour: Scale mail        |    36 |    53 |   218 |    71 ||   378
  Dodge: Dodged            |    37 |    39 |   187 |    83 ||   346
  Block: Buckler           |    10 |    15 |   109 |    29 ||   163
